 Dungeon Sprint DCSS version 0.27-a0-1119-gbf574a6a6b (webtiles) character file.

Game seed: 17192967746636675744

6874 mhtbhm the Scorcher (level 10, -21/53 HPs)
             Began as a Deep Elf Fire Elementalist on May 2, 2021.
             Was the Champion of Vehumet.
             Killed by the air
             ... invoked by a spriggan air mage
              (22 damage)
             ... in the Dungeon (Sprint V: "Ziggurat Sprint").
             The game lasted 00:04:57 (1164 turns).

mhtbhm the Scorcher (Deep Elf Fire Elementalist)    Turns: 1164, Time: 00:04:58

Health: -21/53     AC:  8    Str:  5    XL:     10   Next: 78%
Magic:  22/30      EV: 16    Int: 36    God:    Vehumet [******]
Gold:   0          SH:  0    Dex: 15    Spells: 16/38 levels left

rFire    + . .     SeeInvis .   C - +8 lance "Wyrmbane" {slay drac, rPois rF+ rC+ AC+3}
rCold    + . .     Faith    .   (no shield)
rNeg     . . .     Spirit   .   a - +2 robe {Will+}
rPois    +         Reflect  .   (no helmet)
rElec    .         Harm     .   x - +0 cloak
rCorr    .         Rampage  .   (no gloves)
Will     ++...     NoTele   +   (no boots)
Stlth    ++++......             (no amulet)
HPRegen  0.17/turn              u - +6 ring of intelligence
MPRegen  0.22/turn              v - +6 ring of intelligence

@: studying Throwing
A: screaming 1
a: Renounce Religion


You were in the Dungeon.
You worshipped Vehumet.
Vehumet was exalted by your worship.
You visited 1 branch

Inventory:

Hand Weapons
 C - the +8 lance "Wyrmbane" (weapon) {slay drac, rPois rF+ rC+ AC+3}
   (You found it in the Dungeon)

   It affects your AC (+3).
   It protects you from fire.
   It protects you from cold.
   It protects you from poison.
Armour
 a - a +2 robe of willpower (worn)
 x - a +0 cloak (worn)
Jewellery
 u - a +6 ring of intelligence (left hand)
 v - a +6 ring of intelligence (right hand)
 G - a ring of flight
Wands
 w - a wand of flame (16)
 y - a wand of mindburst (6)
 z - a wand of iceblast (4)
 A - a wand of acid (7)
Scrolls
 h - 4 scrolls of blinking
 m - 4 scrolls of amnesia
 n - 8 scrolls of fog
 o - 2 scrolls of holy word
 p - 5 scrolls of identify
 q - 2 scrolls of fear
 E - a scroll of brand weapon
Potions
 b - 2 potions of brilliance
 c - 11 potions of curing
 d - 10 potions of heal wounds
 e - 6 potions of haste
 f - 7 potions of magic
 g - 3 potions of berserk rage
 i - 2 potions of invisibility
 j - 4 potions of resistance
 k - a potion of experience
 l - 6 potions of might
 D - a potion of ambrosia {unknown}
Miscellaneous
 r - a phantom mirror
 s - a condenser vane (inert)
 t - a box of beasts
 B - a lightning rod (4/4)
 F - a tin of tremorstones (2/2)


   Skills:
 + Level 1.7 Fighting
 + Level 8.8 Dodging
 - Level 9.5 Stealth
 + Level 14.9 Spellcasting
 + Level 8.5 Conjurations
 + Level 17.4 Fire Magic
 * Level 7.3 Earth Magic
 + Level 9.0 Evocations


You had 16 spell levels left.
You knew the following spells:

 Your Spells              Type           Power      Damage    Failure   Level
a - Foxfire               Conj/Fire      100%       2x1d9     0%          1
b - Conjure Flame         Conj/Fire      88%        6-21      0%          3
c - Inner Flame           Hex/Fire       74%        N/A       1%          3
d - Sticky Flame          Conj/Fire      88%        2d10      1%          4
e - Fireball              Conj/Fire      44%        3d18      1%          5
f - Iron Shot             Conj/Erth      35%        9d7       2%          6

Your spell library contained the following spells:

 Spells                   Type           Power      Damage    Failure   Level
 Iskenderun's Battlesphe  Conj           73%        2d12      1%          5
 Animate Skeleton         Necr           52%        N/A       1%          1
 Apportation              Tloc           52%        N/A       1%          1
 Beastly Appendage        Tmut           52%        N/A       1%          1
 Pain                     Necr           100%       1d9       1%          1
 Mephitic Cloud           Conj/Pois/Air  47%        N/A       1%          3
 Bolt of Magma            Conj/Fire/Erth 41%        4d17      1%          5
 Ensorcelled Hibernation  Hex/Ice        52%        N/A       2%          2
 Wereblood                Tmut           26%        N/A       2%          2
 Animate Armour           Summ/Erth      100%       N/A       3%          4
 Leda's Liquefaction      Hex/Erth       26%        N/A       3%          4
 Lesser Beckoning         Tloc           13%        N/A       4%          3
 Spider Form              Tmut/Pois      13%        N/A       4%          3
 Tukima's Dance           Hex            26%        N/A       4%          3
 Vampiric Draining        Necr           13%        2d7       4%          3
 Borgnjor's Vile Clutch   Necr/Erth      26%        N/A       9%          5
 Conjure Ball Lightning   Conj/Air       27%        3x3d8     11%         6
 Animate Dead             Necr           13%        N/A       14%         4
 Ice Form                 Ice/Tmut       26%        N/A       14%         4
 Summon Ice Beast         Ice/Summ       26%        N/A       14%         4
 Summon Lightning Spire   Summ/Air       26%        N/A       14%         4
 Freezing Cloud           Conj/Ice/Air   23%        6-21      17%         6
 Agony                    Necr           26%        N/A       36%         5
 Alistair's Intoxication  Tmut/Pois      17%        N/A       36%         5
 Excruciating Wounds      Necr           13%        N/A       36%         5
 Hydra Form               Tmut           13%        N/A       36%         5
 Silence                  Hex/Air        13%        N/A       36%         5
 Statue Form              Tmut/Erth      34%        N/A       43%         6
 Invisibility             Hex            26%        N/A       91%         6
 Shadow Creatures         Summ           N/A        N/A       91%         6
 Simulacrum               Ice/Necr       13%        N/A       91%         6
 Ozocubu's Refrigeration  Ice            13%        4d7       94%         7
 Shatter                  Erth           34%        3d27*     100%        9
 Tornado                  Air            13%        N/A       100%        9


Dungeon Overview and Level Annotations

Branches:
Dungeon (1/1)

Altars:
Ashenzari
Cheibriados
Dithmenos
Elyvilon
Fedhas
Gozag
Hepliaklqana
Kikubaaqudgha
Makhleb
Nemelex Xobeh
Okawaru
Qazlal
Ru
Sif Muna
Trog
Uskayaw
Vehumet
Wu Jian
Xom
Yredelemnul
Zin
The Shining One
Beogh
Jiyva
Lugonu


Innate Abilities, Weirdness & Mutations

You occasionally shout uncontrollably at your foes.


Message History

Vehumet offers you knowledge of Iskenderun's Battlesphere.
You feel your power returning.
The fireball engulfs the spriggan air mage!!!
The spriggan air mage is almost dead.
The fireball engulfs the wind drake!!!
The wind drake is almost dead.
The wind drake is engulfed in blazing flames.
You kill the wind drake!
Vehumet accepts your kill.
You feel your power returning.
The spriggan air mage is engulfed in blazing flames.
The storm dragon is engulfed in blazing flames.
A spriggan air mage comes into view.
The storm dragon is engulfed in blazing flames.
The storm dragon breathes lightning at you.
The bolt of lightning misses you.
The spriggan air mage waves its arms in wide circles.
The air twists around and strikes you!!
* * * LOW HITPOINT WARNING * * *
The spriggan air mage is engulfed in blazing flames.
Casting: Fireball (safe; 1% risk of failure)
Confirm with . or Enter, or press ? or * to list all spells.
Aiming: Fireball (safe; 1% risk of failure)
Press: ? - help, Shift-Dir - straight line, f - spriggan air mage
Aim: a spriggan air mage, wearing a +0 robe (moderately wounded, repelling missiles)
The fireball explodes!
The fireball engulfs the spriggan air mage!!
The spriggan air mage is almost dead.
The fireball engulfs the spriggan air mage!!
You kill the spriggan air mage!
Vehumet accepts your kill.
The fireball engulfs the spriggan air mage!!
The spriggan air mage is almost dead.
The air elemental is engulfed in blazing flames.
A vortex of raging winds appears around the air elemental!
The air elemental is engulfed in blazing flames.
The storm dragon is engulfed in blazing flames.
The spriggan air mage waves its arms in wide circles.
The air twists around and strikes you!!
You die...

▓..)[}|[..▓
▓§§:§§§§§.▓....}})..▓
▓§E.iC§§..▓....[....▓
▓....§iD§.▓...†..†..▓
▓..D§i§§§.▓..†......▓
▓...[.§.§.▓.........▓
▓.........▓.........▓
▓.▓.....▓.▓....©....▓
▓....@....▓▓▓▓▓▓▓▓▓▓▓
▓▓▓▓▓▓▓▓▓▓▓


You could see a titan, 2 storm dragons, 3 spriggan air magi and an air
elemental.

Vanquished Creatures
  A spriggan air mage (D)
  An ugly thing (D)
  A worldbinder (D)
  3 shining eyes (D)
  An eye of devastation (D)
  2 rime drakes (D)
  A rime drake (shapeshifter) (D)
  A wind drake (D)
  5 slime creatures (D)
  A blink frog (shapeshifter) (D)
  An air elemental (D)
  Sigmund (D)
  A wyvern (D)
  A golden eye (D)
  A neqoxec (D)
  3 steam dragons (D)
  A warg (shapeshifter) (D)
  2 nagas (D)
  2 acid dragons (D)
  A hell hound (D)
  Duvessa (D)
  A swamp drake (D)
  A sky beast (shapeshifter) (D)
  2 swamp drakes (shapeshifter) (D)
  Blork the orc (D)
  Dowan (D)
  Crazy Yiuf (D)
  A quasit (D)
  4 jellies (D)
  An iron imp (D)
  Jessica (D)
  A white imp (D)
  An adder skeleton (D)
  2 ball pythons (D)
  2 bat skeletons (D)
  3 endoplasms (D)
  2 ball python zombies (D)
57 creatures vanquished.

Notes
Turn   | Place    | Note
-------+----------+-------------------------------------------
     0 | D        | mhtbhm the Deep Elf Fire Elementalist began the quest for
                  | the Orb.
     0 | D        | Reached XP level 1. HP: 10/10 MP: 6/6
     0 | D        | Found a shimmering blue altar of Sif Muna.
     0 | D        | Found a bloodstained altar of Trog.
     0 | D        | Found a sacrificial altar of Ru.
     0 | D        | Found a stormy altar of Qazlal.
     0 | D        | Found an iron altar of Okawaru.
     1 | D        | Found a sparkling altar of Nemelex Xobeh.
     1 | D        | Found a blossoming altar of Fedhas.
     2 | D        | Found the +6 Majin-Bo {vamp, MP+6 Int+6}
     2 | D        | Found the +9 heavy crossbow "Sniper" {vorpal, Acc+∞ SInv}
     2 | D        | Found the +10 dark maul {vorpal}
     2 | D        | Found the +15 Maxwell's patent armour {-Cast -Tele rElec
                  | Will+ rCorr}
     2 | D        | Found the +18 shield of the Gong {rElec rN+ Will+ EV-5}
     2 | D        | Found the +14 obsidian axe {vorpal, Drain Fly SInv}
     2 | D        | Found the +7 great mace "Firestarter" {inner flame, rF++}
     2 | D        | Found the +6 shillelagh "Devastator" {shatter}
     2 | D        | Found the +11 plutonium sword {Contam Stlth-}
     2 | D        | Found the +8 lance "Wyrmbane" {slay drac, rPois rF+ rC+
                  | AC+3}
     2 | D        | Found the +9 sword of Zonguldrok {reap}
     2 | D        | Found the +13 scythe of Curses {drain, Drain}
     2 | D        | Found the +5 sword of Power {vorpal}
     2 | D        | Found the +7 mace of Variability {chain chaos}
     2 | D        | Found the +7 Singing Sword {vorpal, sonic wave}
     2 | D        | Found the +8 storm bow {elec, penet}
     3 | D        | Found a transporter.
     3 | D        | Found an ancient bone altar of Kikubaaqudgha.
     3 | D        | Found a viscous altar of Jiyva.
     3 | D        | Found a corrupted altar of Lugonu.
     3 | D        | Found a hazy altar of Hepliaklqana.
     3 | D        | Found a burning altar of Makhleb.
     3 | D        | Found an opulent altar of Gozag.
    35 | D        | Became a worshipper of Vehumet
    55 | D        | Entered arena 2.
    55 | D        | Noticed a jelly
    55 | D        | Found a transporter.
    57 | D        | Killed a jelly
    58 | D        | Reached skill level 5 in Fire Magic
    58 | D        | Reached XP level 2. HP: 15/15 MP: 6/9
    58 | D        | Reached XP level 3. HP: 19/19 MP: 7/11
    67 | D        | Learned a level 3 spell: Conjure Flame
    71 | D        | Learned a level 3 spell: Inner Flame
    95 | D        | Entered arena 3.
    95 | D        | Noticed a rime drake
    95 | D        | Noticed a warg
    95 | D        | Noticed a warg
    95 | D        | Found a transporter.
    96 | D        | Noticed a blink frog
    96 | D        | a warg changed into a blink frog
    98 | D        | Killed a rime drake
    98 | D        | Reached * piety under Vehumet
    98 | D        | Offered knowledge of Freeze by Vehumet.
    99 | D        | Reached skill level 5 in Dodging
    99 | D        | Reached skill level 5 in Stealth
    99 | D        | Reached skill level 10 in Fire Magic
    99 | D        | Reached XP level 4. HP: 18/24 MP: 11/15
    99 | D        | Reached XP level 5. HP: 21/28 MP: 12/17
    99 | D        | Reached XP level 6. HP: 24/32 MP: 12/18
    99 | D        | Killed a warg
   100 | D        | Reached skill level 11 in Fire Magic
   102 | D        | Killed a blink frog
   103 | D        | Reached skill level 12 in Fire Magic
   103 | D        | Reached XP level 7. HP: 12/36 MP: 15/21
   307 | D        | Learned a level 4 spell: Sticky Flame
   313 | D        | Learned a level 5 spell: Fireball
   316 | D        | Entered arena 4.
   316 | D        | Noticed a cyan ugly thing
   316 | D        | Found a transporter.
   318 | D        | Reached ** piety under Vehumet
   318 | D        | Offered knowledge of Searing Ray by Vehumet.
   319 | D        | Reached skill level 10 in Spellcasting
   319 | D        | Reached skill level 13 in Fire Magic
   320 | D        | Killed a cyan ugly thing
   320 | D        | Reached *** piety under Vehumet
   321 | D        | Reached skill level 14 in Fire Magic
   321 | D        | Reached XP level 8. HP: 42/42 MP: 9/25
   405 | D        | Entered arena 5.
   405 | D        | Found a transporter.
   407 | D        | Reached skill level 5 in Evocations
   407 | D        | Reached **** piety under Vehumet
   417 | D        | Got the ring of Symmetry {*Slow rPois rCorr MP+9 Int-5}
   439 | D        | Entered arena 6.
   439 | D        | Noticed a worldbinder
   439 | D        | Found a transporter.
   443 | D        | Killed a worldbinder
   443 | D        | Reached ***** piety under Vehumet
   444 | D        | Reached skill level 1 in Fighting
   444 | D        | Reached skill level 15 in Fire Magic
   444 | D        | Reached XP level 9. HP: 47/47 MP: 18/27
   637 | D        | Entered arena 7.
   637 | D        | Noticed Sigmund
   637 | D        | Noticed Jessica
   637 | D        | Noticed Blork the orc
   637 | D        | Noticed Crazy Yiuf
   637 | D        | Noticed Dowan
   637 | D        | Noticed Duvessa
   638 | D        | Killed Jessica
   638 | D        | Offered knowledge of Ignite Poison by Vehumet.
   638 | D        | Killed Crazy Yiuf
   638 | D        | Killed Blork the orc
   639 | D        | Killed Dowan
   640 | D        | Killed Sigmund
   641 | D        | Killed Duvessa
   642 | D        | Found a transporter.
   677 | D        | Learned a level 6 spell: Iron Shot
   708 | D        | Entered arena 8.
   709 | D        | Reached ****** piety under Vehumet
   714 | D        | Reached skill level 5 in Conjurations
   714 | D        | Reached skill level 1 in Earth Magic
   714 | D        | Found a transporter.
   825 | D        | Entered arena 9.
   825 | D        | Noticed a shining eye
   825 | D        | Noticed an eye of devastation
   826 | D        | Offered knowledge of Frozen Ramparts by Vehumet.
   828 | D        | Killed an eye of devastation
   829 | D        | Reached skill level 16 in Fire Magic
   830 | D        | Killed a shining eye
   833 | D        | Found a transporter.
   929 | D        | Entered arena 10.
   929 | D        | Noticed a shining eye
   929 | D        | Noticed a shining eye
   930 | D        | Gained mutation: You occasionally shout uncontrollably at
                  | your foes. [a shining eye]
   931 | D        | Killed a shining eye
   931 | D        | Killed a shining eye
   932 | D        | Reached skill level 5 in Earth Magic
   932 | D        | Reached XP level 10. HP: 52/52 MP: 26/29
   935 | D        | Reached skill level 17 in Fire Magic
   935 | D        | Found a transporter.
   944 | D        | Got the Papyrus of Feathery Evil Rituals
   971 | D        | Entered arena 11.
   978 | D        | Found a transporter.
  1161 | D        | Entered arena 12.
  1161 | D        | Noticed a spriggan air mage
  1161 | D        | Noticed a storm dragon
  1161 | D        | Noticed a titan
  1161 | D        | Noticed a spriggan air mage
  1161 | D        | Noticed a storm dragon
  1162 | D        | Noticed a spriggan air mage
  1163 | D        | Offered knowledge of Iskenderun's Battlesphere by Vehumet.
  1163 | D        | Noticed a spriggan air mage
  1163 | D        | HP: 1/53 [spriggan air mage/the air (23)]
  1164 | D        | Killed a spriggan air mage
  1164 | D        | Killed from afar by a spriggan air mage

Illustrated notes

Levels and vault maps discovered:
D:        sprint_v [room_start, room_1, room_2, room_3, room_4, room_5, room_6,
          room_7, room_8, room_9, room_10, room_11, room_12, room_13, room_14,
          room_15, room_16, room_17, room_18, room_19, room_20, room_21,
          room_22, room_23, room_24, room_25, room_26, room_27]

Skill      XL: |  1  2  3  4  5  6  7  8  9 10 |
---------------+-------------------------------+-----
Dodging        | 3 5 7 8 |  8.8
Stealth        | 3 5 6 7 8 9 |  9.5
Spellcasting   | 4 7 9 11 12 13 14 | 14.9
Fire Magic     | 5 10 12 14 15 16 17 | 17.4
Evocations     | 2 3 4 5 8 9 |  9.0
Conjurations   | 2 3 4 6 8 |  8.5
Fighting       | 1 |  1.7
Earth Magic    | 5 7 |  7.3

Action                   |  1- 3 |  4- 6 |  7- 9 | 10-12 || total
-------------------------+-------+-------+-------+-------++-------
 Cast: Fireball          |       |       |    22 |    11 ||    33
Evoke: Wand              |     3 |     1 |       |       ||     4
       Lightning rod     |     2 |     3 |     6 |       ||    11
       Condenser vane    |       |       |     2 |     1 ||     3
Dodge: Dodged            |     1 |       |       |     1 ||     2

Table legend: (Time is in decaauts)
 A = Elapsed time spent in this place.
 B = Non-inter-level travel time spent in this place.
 C = Inter-level travel time spent in this place.
 D = Time resting spent in this place.
 E = Time spent auto-exploring this place.
 F = Levels seen in this place.
 G = Mean time per level.
                   A        B        C        D        E       F      G
               +--------+--------+--------+--------+--------+-----+--------+
         Total |   1162 |   1162 |      0 |    854 |      0 |   1 | 1162.0 |
       Dungeon |   1162 |   1162 |      0 |    854 |      0 |   1 | 1162.0 |
               +--------+--------+--------+--------+--------+-----+--------+

Top non-repeatable levels by time:
       D: 1162 daAuts
